 Dungeon Crawl Stone Soup version 0.32-a0-872-g59262bdc9b (webtiles) character file.

Game seed: 11563951329991972113

24575 pokeman the Eclecticist (level 12, -7/68 HPs)
             Began as a Deep Elf Hedge Wizard on Mar 30, 2024.
             Was an Elder of Vehumet.
             Killed from afar by a molten gargoyle (19 damage)
             ... with a bolt of magma
             ... in a Gauntlet.
             The game lasted 00:38:46 (15810 turns).

pokeman the Eclecticist (Deep Elf Hedge Wizard)    Turns: 15810, Time: 00:38:47

Health: -7/68      AC: 10    Str: 10    XL:     12   Next: 81%
Magic:  29/45      EV: 11    Int: 25    God:    Vehumet [****..]
Gold:   2990       SH:  0    Dex: 14    Spells: 28/47 levels left

rFire   . . .        H - +2 dagger (venom)
rCold   . . .        (no shield)
rNeg    + + .        S - +0 acid dragon scales
rPois   .            c - +0 hat
rElec   .            l - +0 cloak {rCorr}
rCorr   +            z - +0 pair of gloves
SInv    .            B - +0 pair of boots
Will    +....        V - amulet of magic regeneration
Stlth   ++           j - ring "Degib" {rN+ MP+9 Str+3}
HPRegen 0.31/turn    m - ring of positive energy
MPRegen 0.69/turn

%: no teleportation
@: no status effects
A: no striking features
a: Renounce Religion


You were in a Gauntlet.
You worshipped Vehumet.
Vehumet was greatly pleased with you.
You visited 2 branches of the dungeon, and saw 14 of its levels.
You also visited: Gauntlet and Ice Cave.

You collected 2990 gold pieces.

Inventory:

Hand Weapons
 H - a +2 dagger of venom (weapon)
Missiles
 r - 4 curare-tipped darts
Armour
 c - a +0 hat (worn)
 l - a +0 cloak of preservation (worn)
 u - a +0 buckler
 v - an orb of light
 z - a +0 pair of gloves (worn)
 B - a +0 pair of boots (worn)
 L - a +2 robe of resistance
 S - +0 acid dragon scales (worn)
Jewellery
 e - a +5 ring of evasion
 j - the ring "Degib" (left hand) {rN+ MP+9 Str+3}
   (You found it in a Gauntlet)

   [ring of positive energy]

   Str+3:     It affects your strength (+3).
   rN+:       It protects you from negative energy.
   MP+9:      It affects your magic capacity (+9).
 m - a ring of positive energy (right hand)
 V - an amulet of magic regeneration (around neck)
Wands
 b - a wand of quicksilver (7)
 C - a wand of digging (3)
Scrolls
 a - 3 scrolls of fear
 g - 6 scrolls of blinking
 i - 3 scrolls of revelation
 k - 10 scrolls of teleportation
Potions
 d - 3 potions of magic
 f - 8 potions of heal wounds
 h - a potion of haste {unknown}
 n - a potion of enlightenment
 o - a potion of brilliance
 w - 3 potions of invisibility {unknown}
 A - 3 potions of mutation {unknown}
 F - 3 potions of might {unknown}
 G - 2 potions of lignification {unknown}
 J - a potion of resistance {unknown}
 K - a potion of degeneration {unknown}
 P - 2 potions of curing {unknown}
Miscellaneous
 U - a lightning rod (4/4)


   Skills:
 - Level 5.0 Fighting
 + Level 4.6 Armour
 - Level 3.0 Dodging
 - Level 3.0 Stealth
 - Level 4.0 Shields
 * Level 18.1 Spellcasting
 + Level 10.8 Conjurations
 - Level 1.1 Summonings
 - Level 1.1 Translocations
 - Level 1.0 Fire Magic
 + Level 10.0 Ice Magic
 - Level 1.0 Air Magic
 - Level 1.3 Earth Magic
 - Level 1.0 Alchemy
 - Level 1.0 Evocations


You had 28 spell levels left.
You knew the following spells:

 Your Spells              Type           Power      Damage    Failure   Level
a - Magic Dart            Conj           100%       1d8       1%          1
b - Mephitic Cloud        Conj/Alch/Air  44%        N/A       1%          3
c - Call Imp              Summ           56%        N/A       3%          2
d - Blink                 Tloc           56%        N/A       3%          2
e - Foxfire               Conj/Fire      100%       2x1d9     1%          1
f - Hailstorm             Conj/Ice       66%        3d12      1%          3
g - Stone Arrow           Conj/Erth      100%       3d13      1%          3
h - Flame Wave            Conj/Fire      51%        2d13      1%          4

Your spell library contained the following spells:

 Spells                   Type           Power      Damage    Failure   Level
 Freeze                   Ice            100%       1d10      1%          1
 Frozen Ramparts          Ice            100%       1d16      1%          3
 Apportation              Tloc           56%        N/A       2%          1
 Slow                     Hex            88%        N/A       3%          1
 Cigotuvi's Dreadful Rot  Necr/Alch/Air  52%        N/A       3%          2
 Lesser Beckoning         Tloc           56%        N/A       3%          2
 Jinxbite                 Hex            44%        N/A       4%          2
 Teleport Other           Tloc           28%        N/A       6%          3
 Tukima's Dance           Hex            22%        N/A       10%         3
 Yara's Violent Unravell  Hex/Alch       12%        3d7       19%         5
 Maxwell's Portable Pile  Tloc           28%        2d(9-18)  22%         4
 Passage of Golubria      Tloc           28%        N/A       22%         4
 Alistair's Intoxication  Alch           18%        N/A       52%         5


Dungeon Overview and Level Annotations

Branches:
Dungeon (13/15)            Temple (1/1) D:5            Lair (0/5) D:9
    Orc (0/2) D:11          IceCv (visited)         Gauntlet (1/1)
 Vaults: D:13-14

Altars:
Ashenzari
Cheibriados
Dithmenos
Elyvilon
Fedhas
Gozag
Hepliaklqana
Kikubaaqudgha
Makhleb
Nemelex Xobeh
Okawaru
Qazlal
Ru
Sif Muna
Trog
Uskayaw
Vehumet
Wu Jian
Xom
Yredelemnul
Zin
The Shining One

Shops:
D:10 [

Annotations:
Gauntlet 9 transporters


Message History

The gargoyle is moderately damaged.
The gargoyle hits you but does no damage.
Unknown command.
Unknown command.
Casting: Stone Arrow (safe; 1% risk of failure)
Confirm with . or Enter, or press ? or * to list all spells.
Aiming: Stone Arrow (safe; 1% risk of failure)
Press: ? - help, Shift-Dir - straight line, f/p - gargoyle
Aim: a gargoyle, wielding a +0 mace (noxious fumes, moderately damaged, 89% to hit)
The stone arrow hits the gargoyle!
You destroy the gargoyle!
Vehumet accepts your kill.
You feel your power returning.
The catoblepas is engulfed in noxious fumes.
Casting: Stone Arrow (safe; 1% risk of failure)
Confirm with . or Enter, or press ? or * to list all spells.
Aiming: Stone Arrow (safe; 1% risk of failure)
Press: ? - help, Shift-Dir - straight line, f - molten gargoyle
Aim: a molten gargoyle, wielding a +2 mace of protection (noxious fumes, moderately damaged, 87% to hit)
The stone arrow misses the molten gargoyle.
The molten gargoyle closely misses you.
Unknown command.
Unknown command.
Casting: Stone Arrow (safe; 1% risk of failure)
Confirm with . or Enter, or press ? or * to list all spells.
Aiming: Stone Arrow (safe; 1% risk of failure)
Press: ? - help, Shift-Dir - straight line, f/p - molten gargoyle
Aim: a molten gargoyle, wielding a +2 mace of protection (noxious fumes, moderately damaged, 87% to hit)
The stone arrow hits the molten gargoyle!!
The molten gargoyle is almost destroyed.
The catoblepas is engulfed in noxious fumes.
The catoblepas gores you.
The catoblepas gores itself.
The molten gargoyle hits you with a +2 mace of protection!
You are engulfed in flames!
* * * LOW HITPOINT WARNING * * *
Unknown command.
The catoblepas seems less confused.
The molten gargoyle blasts magma at you!
The bolt of magma hits you!!
You die...

#≈..#$...##.#..#..≈###
##§.#=...##.#..#..##§# ##
#≈..#uG.....#..#......
#.###..#########..#......
##..##..........#..#######
.....#..#########..#...#.#
##...#..##..##.##..#..#...
#.©.#ß.#?##..#.#..#.##...
##...#..#@#.#.#.#..#..##.#
...©.#∩.#©#.©#.##©©#©.#.©.
##...#..#Y9#.##9#..#..##.#
#.©.#ß.#☼.##..##..#[##...
##...#..###..##.#..#..#...
.....#..#########..#...#.#
##..##..........#..#######
#.###..#########..#......
## #≈..#hhhE..R#..#......


You could see a catoblepas, a green ugly thing, a glowing orange brain and a
molten gargoyle.

Vanquished Creatures
  Erica (D:8)
  A deep troll earth mage (D:12)
  A boulder beetle (D:12)
  A two-headed ogre (D:10)
  Lodul (D:10)
  Maurice (D:8)
  3 cyclopes (D:12)
  2 manticores
  6 ugly things
  3 ice statues (IceCv)
  3 gargoyles
  2 unseen horrors (D:11)
  A kobold demonologist (D:12)
  A tengu conjurer (D:12)
  3 trolls
  2 hornets
  4 slime creatures (D:12)
  2 shadows (D:10)
  2 vampires
  A wyvern (D:10)
  22 yaks
  2 steam dragons
  2 wraiths
  2 humans (D:12)
  A neqoxec (Gauntlet)
  2 wargs (D:11)
  7 vampire mosquitoes
  A death yak simulacrum (IceCv)
  3 chaos spawn (Gauntlet)
  A harpy simulacrum (IceCv)
  2 hydra simulacra (IceCv)
  4 acid dragons
  6 orc warriors
  3 ice beasts
  A sky beast (D:7)
  3 laughing skulls (Gauntlet)
  A centaur (D:10)
  11 ogres
  A weeping skull (Gauntlet)
  A kobold brigand (D:10)
  3 bullfrogs
  4 scorpions
  A cane toad simulacrum (IceCv)
  5 wights (D:7)
  12 killer bees
  5 jellies
  2 elephant simulacra (IceCv)
  6 howler monkeys
  2 hounds
  A gnoll bouda (D:7)
  8 orc priests
  3 sleepcaps
  5 iguanas
  10 orc wizards
  A wolf simulacrum (IceCv)
  11 gnolls
  7 adders
  A shadow imp (D:7)
  14 white imps
  2 ufetubi (D:6)
  4 ribbon worms
  2 dart slugs
  44 orcs
  6 bats
  4 endoplasms
  3 giant cockroaches
  7 goblins
  3 hobgoblins
  10 kobolds
  7 quokkas
  7 ball pythons
  A frilled lizard (D:2)
  5 rats
323 creatures vanquished.

Vanquished Creatures (collateral kills)
  A gnoll sergeant (D:5)
  A killer bee (D:4)
  An iguana (D:5)
  An adder (D:5)
4 creatures vanquished.

Vanquished Creatures (others)
  512 foxfires
512 creatures vanquished.

Grand Total: 839 creatures vanquished

Notes
Turn   | Place    | Note
-------+----------+-------------------------------------------
     0 | D:1      | pokeman the Deep Elf Hedge Wizard began the quest for the
                  | Orb.
     0 | D:1      | Reached XP level 1. HP: 10/10 MP: 7/7
   574 | D:2      | Reached XP level 2. HP: 16/16 MP: 5/9
   814 | D:2      | Reached skill level 5 in Spellcasting
   920 | D:2      | Reached XP level 3. HP: 20/20 MP: 6/11
   924 | D:2      | Learned a level 3 spell: Mephitic Cloud
   927 | D:2      | Learned a level 2 spell: Call Imp
   930 | D:2      | Learned a level 2 spell: Blink
  1392 | D:2      | Reached skill level 1 in Armour
  1506 | D:2      | Found a faded altar of an unknown god.
  1547 | D:2      | Reached skill level 1 in Fighting
  1792 | D:3      | Reached XP level 4. HP: 14/25 MP: 0/13
  2246 | D:3      | Reached skill level 6 in Spellcasting
  2246 | D:3      | Reached XP level 5. HP: 29/29 MP: 8/15
  2322 | D:3      | You fall into a shaft and drop 2 floors!
  2322 | D:5      | Entered Level 5 of the Dungeon
  2642 | D:5      | Found a staircase to the Ecumenical Temple.
  2651 | Temple   | Entered the Ecumenical Temple
  2656 | Temple   | Became a worshipper of Vehumet
  2778 | D:5      | Reached skill level 1 in Air Magic
  2885 | D:5      | Reached skill level 1 in Alchemy
  2906 | D:5      | Reached skill level 1 in Shields
  2906 | D:5      | Reached XP level 6. HP: 31/34 MP: 1/17
  3086 | D:5      | Reached skill level 7 in Spellcasting
  3468 | D:3      | Reached XP level 7. HP: 38/38 MP: 15/20
  3579 | D:3      | Upgraded the game from 0.32-a0-871-ge202e49faa to
                  | 0.32-a0-872-g59262bdc9b
  3776 | D:3      | Found a stormy altar of Qazlal.
  3777 | D:3      | Found an ancient bone altar of Kikubaaqudgha.
  4130 | D:4      | Reached * piety under Vehumet
  4130 | D:4      | Offered knowledge of Freeze by Vehumet.
  4146 | D:4      | Reached skill level 8 in Spellcasting
  4151 | D:4      | Learned a level 1 spell: Freeze
  4500 | D:4      | Learned a level 3 spell: Hailstorm
  4561 | D:4      | Reached skill level 1 in Ice Magic
  4938 | D:4      | Reached skill level 9 in Spellcasting
  4939 | D:4      | Reached XP level 8. HP: 43/43 MP: 8/23
  5918 | D:6      | Noticed a hornet
  5926 | D:5      | Reached skill level 5 in Conjurations
  6011 | D:5      | Reached ** piety under Vehumet
  6068 | D:6      | Killed a hornet
  6069 | D:6      | Reached skill level 10 in Spellcasting
  6069 | D:6      | Offered knowledge of Foxfire by Vehumet.
  6075 | D:5      | Learned a level 1 spell: Foxfire
  6322 | D:6      | Reached skill level 1 in Fire Magic
  6322 | D:6      | Reached skill level 1 in Evocations
  6503 | D:6      | Reached XP level 9. HP: 49/49 MP: 19/25
  6952 | D:7      | Reached skill level 11 in Spellcasting
  7689 | D:7      | Offered knowledge of Mercury Vapours by Vehumet.
  7848 | D:7      | Reached skill level 5 in Ice Magic
  8148 | D:7      | Found a glowing silver altar of Zin.
  8417 | D:8      | Reached skill level 12 in Spellcasting
  8470 | D:8      | Reached *** piety under Vehumet
  8681 | D:8      | Noticed Maurice
  8695 | D:8      | Killed Maurice
  8778 | D:8      | Found a burning altar of Makhleb.
  8796 | D:8      | Found an ornate altar of the Wu Jian Council.
  8827 | D:8      | Noticed Erica
  8836 | D:8      | Killed Erica
  8837 | D:8      | Reached XP level 10. HP: 56/56 MP: 19/28
  9137 | D:9      | Reached skill level 13 in Spellcasting
  9285 | D:9      | Found a staircase to the Lair.
  9346 | D:9      | Reached skill level 14 in Spellcasting
 10142 | D:10     | Entered Level 10 of the Dungeon
 10276 | D:10     | Found Demaleym's Armour Boutique.
 10350 | D:10     | Noticed a two-headed ogre
 10365 | D:10     | Killed a two-headed ogre
 10366 | D:10     | Reached XP level 11. HP: 60/60 MP: 18/31
 10489 | D:10     | Offered knowledge of Stone Arrow by Vehumet.
 10527 | D:10     | Noticed Lodul
 10533 | D:10     | Learned a level 3 spell: Stone Arrow
 10553 | D:10     | Killed Lodul
 10554 | D:10     | Reached skill level 1 in Earth Magic
 10717 | D:10     | Reached skill level 15 in Spellcasting
 10981 | D:10     | Reached **** piety under Vehumet
 11376 | D:10     | Found a white marble altar of Elyvilon.
 11376 | D:10     | Found a bloodstained altar of Trog.
 11479 | D:11     | Offered knowledge of Airstrike by Vehumet.
 11978 | D:11     | Reached skill level 16 in Spellcasting
 12184 | D:11     | Found a staircase to the Orcish Mines.
 12193 | D:11     | Identified a scroll of acquirement
 12201 | D:11     | Acquired 1102 gold pieces
 12387 | D:11     | Noticed a purple ugly thing
 12395 | D:11     | Killed a purple ugly thing
 12991 | D:12     | Reached XP level 12. HP: 66/66 MP: 19/34
 13099 | D:12     | Reached ***** piety under Vehumet
 13106 | D:12     | Offered knowledge of Flame Wave by Vehumet.
 13107 | D:12     | Found a frozen archway.
 13113 | D:12     | Learned a level 4 spell: Flame Wave
 13121 | IceCv    | Entered an ice cave
 13236 | IceCv    | HP: 3/66 [death yak simulacrum (12)]
 13588 | IceCv    | Reached skill level 10 in Conjurations
 13857 | D:12     | Reached skill level 17 in Spellcasting
 14069 | D:12     | Found an iron altar of Okawaru.
 14239 | D:12     | Noticed a deep troll earth mage
 14245 | D:12     | Killed a deep troll earth mage
 14407 | D:12     | Reached skill level 5 in Fighting
 14734 | D:12     | Noticed a boulder beetle
 14750 | D:12     | Killed a boulder beetle
 15451 | D:13     | Found a gate leading to a gauntlet.
 15461 | Gauntlet | Entered a Gauntlet
 15461 | Gauntlet | Found a transporter.
 15461 | Gauntlet | Found a transporter.
 15463 | Gauntlet | Found a transporter.
 15464 | Gauntlet | Found a transporter.
 15466 | Gauntlet | Found a transporter.
 15509 | Gauntlet | Found a transporter.
 15509 | Gauntlet | Found a transporter.
 15511 | Gauntlet | Found a transporter.
 15512 | Gauntlet | Noticed a catoblepas
 15524 | Gauntlet | Found a transporter.
 15540 | Gauntlet | Found a transporter.
 15550 | Gauntlet | Found a transporter.
 15554 | Gauntlet | Found a transporter.
 15599 | Gauntlet | Found a transporter.
 15601 | Gauntlet | Found a runed translucent gate.
 15601 | Gauntlet | Found a runed translucent gate.
 15601 | Gauntlet | Found a runed translucent gate.
 15612 | Gauntlet | Found a transporter.
 15678 | Gauntlet | Identified the ring "Degib" {rN+ MP+9 Str+3}
 15720 | Gauntlet | Reached skill level 18 in Spellcasting
 15799 | Gauntlet | Reached skill level 10 in Ice Magic
 15810 | Gauntlet | Identified the +1 pair of gloves "Geun" {rPois rF+ Slay-5
                  | Stlth+}
 15810 | Gauntlet | Killed from afar by a molten gargoyle

Illustrated notes

Levels and vault maps discovered:
D:1:      lemuel_arrival_behind_the_door_small, layout_rooms
D:2:      layout_basic, shapermc_ecumenical_altar_mp_urbaneastern
D:3:      layout_loops_ring, grunt_temple_overflow_open
D:4:      minmay_chambers_of_threes, layout_rooms, serial_corexii_hall,
          corexii_hall_statues_l, corexii_hall_statues_u, kennysheep_crisscross
D:5:      layout_loops_corners, lemuel_temple_firewalk_b
D:6:      layout_rooms
D:7:      layout_layer_cave, zin_statuary, serial_bayou_pond_e
D:8:      layout_cave_pools, nicolae_overflow_hidden_temple,
          kennysheep_little_box, serial_column_ruins, column_ruins_open_tiny,
          column_ruins_grid_1, column_ruins_corridor_corner,
          column_ruins_grid_1, column_ruins_corridor_water, skrybe_limestone_x,
          uniq_erica, uniq_maurice
D:9:      layout_loops_ring, dpeg_oklobed_lair, roderic_lattice_a
D:10:     layout_loops_ring, nicolae_overflow_two_pavilions, serial_shops,
          nicolae_shop_peninsula, grunt_ministairs_3, uniq_lodul
D:11:     layout_loops_ring, david_orc_1_choice
D:12:     hourglass_vault, layout_basic, portal_ice_cave_entry_imps,
          okawaru_humans
D:13:     layout_gridville, gauntlet_entry_generic
Temple:   nicolae_temple_bog_church
Gauntlet: gammafunk_gauntlet_mixed_choke_point
          [minmay_gauntlet_arena_77_terracotta_army,
          minmay_gauntlet_arena_77_checkered,
          minmay_gauntlet_arena_77_run_for_it,
          gammafunk_gauntlet_arena_chambers,
          minmay_gauntlet_arena_77_radiant_squares,
          minmay_gauntlet_arena_77_mess, minmay_gauntlet_arena_77_block_sizes,
          gauntlet_exit_hidden_loot]

Skill      XL: |  1  2  3  4  5  6  7  8  9 10 11 12 |
---------------+-------------------------------------+-----
Spellcasting   | 5 6 7 9 10 12 14 16 18 | 18.1
Armour         | 1 2 3 4 |  4.6
Fighting       | 1 2 3 4 5 |  5.0
Conjurations   | 2 3 4 5 7 8 9 10 | 10.8
Stealth        | 3 |  3.0
Dodging        | 3 |  3.0
Air Magic      | 1 |  1.0
Alchemy        | 1 |  1.0
Shields        | 1 2 4 |  4.0
Ice Magic      | 2 3 5 7 8 10 | 10.0
Fire Magic     | 1 |  1.0
Evocations     | 1 |  1.0
Earth Magic    | 1 |  1.3
Summonings     | |  1.1
Translocations | |  1.1

Action                     |  1- 3 |  4- 6 |  7- 9 | 10-12 || total
---------------------------+-------+-------+-------+-------++-------
  Melee: Dagger            |     7 |    28 |     5 |    63 ||   103
         Hand axe          |       |       |    22 |       ||    22
   Cast: Magic Dart        |    93 |   101 |   126 |    11 ||   331
         Mephitic Cloud    |     2 |     8 |    11 |    41 ||    62
         Call Imp          |     2 |     5 |     3 |     2 ||    12
         Hailstorm         |       |       |    26 |    55 ||    81
         Freeze            |       |       |     4 |       ||     4
         Foxfire           |       |       |   175 |   117 ||   292
         Blink             |       |       |     3 |     3 ||     6
         Stone Arrow       |       |       |       |   141 ||   141
         Flame Wave        |       |       |       |     9 ||     9
  Evoke: Wand              |       |       |       |     1 ||     1
    Use: Scroll            |       |       |       |    18 ||    18
   Stab: Confused          |     3 |     2 |     3 |     1 ||     9
         Distracted        |       |       |     1 |       ||     1
         Sleeping          |       |       |     1 |       ||     1
 Armour: Robe              |     4 |    16 |    27 |    65 ||   112
         Acid dragon scale |       |       |       |     9 ||     9
  Dodge: Dodged            |    16 |    17 |    49 |   106 ||   188

Table legend: (Time is in decaauts)
 A = Elapsed time spent in this place.
 B = Non-inter-level travel time spent in this place.
 C = Inter-level travel time spent in this place.
 D = Time resting spent in this place.
 E = Time spent auto-exploring this place.
 F = Levels seen in this place.
 G = Mean time per level.
                   A        B        C        D        E       F      G
               +--------+--------+--------+--------+--------+-----+--------+
         Total |  15826 |  14988 |    838 |    655 |  11752 |  16 |  989.1 |
       Dungeon |  14768 |  13937 |    831 |    366 |  11485 |  13 | 1136.0 |
        Temple |     54 |     47 |      7 |      0 |      0 |   1 |   54.0 |
      Ice Cave |    655 |    655 |      0 |    275 |    238 |   1 |  655.0 |
      Gauntlet |    347 |    347 |      0 |     14 |     29 |   1 |  347.0 |
               +--------+--------+--------+--------+--------+-----+--------+

Top non-repeatable levels by time:
     D:5: 1956 daAuts
     D:7: 1691 daAuts
    D:11: 1518 daAuts
    D:12: 1434 daAuts
     D:4: 1383 daAuts
    D:10: 1360 daAuts
     D:2: 1209 daAuts
     D:3: 1158 daAuts
     D:9: 1117 daAuts
     D:8: 761 daAuts
   IceCv: 655 daAuts
     D:6: 647 daAuts
     D:1: 511 daAuts
Gauntlet: 347 daAuts
  Temple: 54 daAuts
